 Dungeon Crawl Stone Soup version 0.24.0-13-gcf9b319 (webtiles) character file.

Game seed: 520732362015287949, levelgen mode: deterministic

2648 Fang the Skirmisher (level 9, -3/87 HPs)
             Began as a Gargoyle Berserker on Nov 14, 2019.
             Was a Priest of Trog.
             Slain by a two-headed ogre
             ... wielding a cursed -3 giant club
              (21 damage)
             ... on level 7 of the Dungeon.
             The game lasted 00:10:20 (5439 turns).

Fang the Skirmisher (Gargoyle Berserker)            Turns: 5439, Time: 00:10:20

Health: -3/87      AC: 19    Str: 29    XL:     9   Next: 62%
Magic:  9/9        EV:  5    Int:  8    God:    Trog [***...]
Gold:   263        SH: 13    Dex: 14    Spells: 8/8 levels left

rFire    . . .     SeeInvis .   a - +0 war axe
rCold    . . .     Gourm    .   p - +0 large shield
rNeg     + . .     Faith    .   b - +0 plate armour
rPois    ∞         Spirit   .   (no helmet)
rElec    +         Reflect  .   r - scarf {cloud immunity}
rCorr    .         Harm     .   (no gloves)
MR       .....                  (no boots)
Stlth    ..........             (no amulet)
HPRegen  0.24/turn              s - ring of flight
MPRegen  0.11/turn              v - +5 ring of dexterity

@: berserking, very quick
A: negative energy resistance 1, electricity resistance, unbreathing,
petrification resistance, rot immunity, AC +6
a: Berserk, Trog's Hand, Renounce Religion, Evoke Flight


You were on level 7 of the Dungeon.
You worshipped Trog.
Trog was most pleased with you.
You were very hungry.

You visited 2 branches of the dungeon, and saw 8 of its levels.

You collected 326 gold pieces.
You spent 63 gold pieces at shops.

Inventory:

Hand Weapons
 a - a +0 war axe (weapon)
Armour
 b - a +0 plate armour (worn)
 p - a +0 large shield (worn)
 r - a scarf of cloud immunity (worn)
Jewellery
 s - a ring of flight (left hand)
 v - a +5 ring of dexterity (right hand)
Wands
 f - a wand of paralysis (8)
 g - a wand of random effects (37)
 u - a wand of flame (11)
 C - a wand of polymorph (8)
Scrolls
 e - 3 scrolls of teleportation {unknown}
 j - 3 scrolls of amnesia {unknown}
 k - 4 scrolls of enchant armour {unknown}
 l - 2 scrolls of fear {unknown}
 n - 4 scrolls of identify {unknown}
 q - 2 scrolls of remove curse {unknown}
 w - a scroll of random uselessness {unknown}
 y - 2 scrolls of enchant weapon {unknown}
 A - a scroll of noise {unknown}
 B - a scroll of immolation {unknown}
Potions
 d - a potion of magic {unknown}
 h - 3 potions of curing {unknown}
 i - 2 potions of haste {unknown}
 m - 2 potions of mutation {unknown}
 o - a potion of brilliance {unknown}
 t - a potion of degeneration {unknown}
 x - 2 potions of heal wounds {unknown}
 D - a potion of agility {unknown}
Comestibles
 c - 9 rations
 z - a chunk of flesh


   Skills:
 + Level 7.7 Fighting
 + Level 6.4 Axes
 + Level 7.3 Armour
 + Level 5.5 Dodging


You had 8 spell levels left.
You didn't know any spells.
Your spell library was empty.

Dungeon Overview and Level Annotations

Branches:
Dungeon (7/15)             Temple (1/1) D:5

Altars:
Ashenzari
Cheibriados
Dithmenos
Elyvilon
Fedhas
Gozag
Kikubaaqudgha
Nemelex Xobeh
Qazlal
Vehumet
Wu Jian
Xom
Yredelemnul
Zin

Shops:
D:4 [   D:7 *

Annotations:
D:5 1 runed translucent door, beanscad's ghost, novice OpTm


Innate Abilities, Weirdness & Mutations

You are resistant to torment.
Your stone body is resilient. (AC +6)
You are immune to poison.
You resist negative energy. (rN+)
You are resistant to electric shocks. (rElec)
You can survive without breathing.
You are immune to petrification.
You are immune to rotting.


Message History

You feel yourself moving faster!
You feel mighty!
You are feeling very hungry.
The two-headed ogre hits you but does no damage.
You block the two-headed ogre's attack. You block the adder skeleton's attack.
You slash the two-headed ogre!
The two-headed ogre is moderately wounded.
You hit the adder skeleton.
The adder skeleton bites you but does no damage.
The two-headed ogre hits you with a cursed -3 giant club!
The two-headed ogre hits you with a +0 giant club!
* * * LOW HITPOINT WARNING * * *
You slash the two-headed ogre!
The two-headed ogre is heavily wounded.
You slash the adder skeleton!
You destroy the adder skeleton!
Trog accepts your kill.
You slash the two-headed ogre!
The two-headed ogre is severely wounded.
The two-headed ogre hits you with a cursed -3 giant club!!
You die...

#...#####
#+########+##..#....
#...#.......#..#....
#...'.......#..#....
#...#.......#..#....
+#######...#.......#..#....
...........#.......#..#....
...........#.......#..'....
.#########@#.......####....
...$..O...####..........
.!........# #.)........
..........# #..........
..........# #..........
..........# #..........
.###+###################
#.........'.......
+.........#.......


You could see a two-headed ogre.

Vanquished Creatures
  Grinder (D:5)
  Sigmund (D:3)
  A wraith (D:6)
  A black bear (D:7)
  2 phantoms
  5 ogres
  A centaur (D:7)
  3 bullfrogs (D:6)
  3 scorpions
  4 wights (D:6)
  2 howler monkeys
  2 crimson imps
  2 centaur zombies
  An orc priest (D:4)
  An orc wizard (D:6)
  2 hounds
  2 bullfrog skeletons
  A jelly (D:7)
  Natasha (twice) (D:3)
  2 iguanas (D:7)
  6 worker ants
  A worker ant zombie (D:3)
  Robin (D:3)
  3 gnolls (D:7)
  4 adders
  A shadow imp (D:5)
  An ooze (D:2)
  An adder skeleton (D:7)
  4 dart slugs
  5 leopard geckos
  14 orcs
  8 giant cockroaches
  16 goblins
  10 hobgoblins
  3 jackals (D:1)
  5 kobolds
  4 quokkas
  3 ball pythons
  5 bats
  5 frilled lizards
  A leopard gecko skeleton (D:6)
  3 rats
143 creatures vanquished.

Notes
Turn   | Place    | Note
-------+----------+-------------------------------------------
     0 | D:1      | Fang the Gargoyle Berserker began the quest for the Orb.
     0 | D:1      | Reached XP level 1. HP: 14/14 MP: 1/1
   121 | D:1      | Reached XP level 2. HP: 19/19 MP: 2/2
   519 | D:1      | Reached XP level 3. HP: 23/23 MP: 3/3
   575 | D:1      | Reached ** piety under Trog
   967 | D:2      | Found a white marble altar of Elyvilon.
  1251 | D:2      | Found an opulent altar of Gozag.
  1315 | D:2      | Reached XP level 4. HP: 26/29 MP: 4/4
  1452 | D:2      | Found a blossoming altar of Fedhas.
  1520 | D:2      | Reached XP level 5. HP: 18/33 MP: 5/5
  1681 | D:3      | Noticed Robin
  1698 | D:3      | Killed Robin
  1701 | D:3      | Reached *** piety under Trog
  1796 | D:3      | Noticed Natasha
  1819 | D:3      | Killed Natasha
  1980 | D:3      | Noticed Sigmund
  1981 | D:3      | Found an ornate altar of the Wu Jian Council.
  1995 | D:3      | Killed Sigmund
  1995 | D:3      | Reached XP level 6. HP: 40/40 MP: 6/6
  2142 | D:3      | Found a snail-covered altar of Cheibriados.
  2271 | D:3      | Noticed Natasha
  2277 | D:3      | Killed Natasha
  2447 | D:4      | Reached skill level 5 in Fighting
  2484 | D:4      | Found Faunnukeno's Armour Boutique.
  2488 | D:4      | Bought a +0 large shield for 63 gold pieces
  2531 | D:4      | Reached XP level 7. HP: 44/44 MP: 7/7
  2755 | D:4      | Found a glowing silver altar of Zin.
  2898 | D:4      | Found a radiant altar of Vehumet.
  3099 | D:4      | Found a shattered altar of Ashenzari.
  3154 | D:4      | Reached skill level 5 in Armour
  3165 | D:4      | Reached XP level 8. HP: 19/51 MP: 8/8
  3691 | D:5      | Entered Level 5 of the Dungeon
  3771 | D:5      | Reached skill level 5 in Axes
  3844 | D:5      | Noticed Grinder
  3857 | D:5      | Killed Grinder
  3922 | D:5      | Found a sparkling altar of Nemelex Xobeh.
  4294 | D:5      | Found a runed translucent door.
  4294 | D:5      | Noticed beanscad's ghost (novice OpTm)
  4349 | D:5      | Found an ancient bone altar of Kikubaaqudgha.
  4420 | D:5      | Found a staircase to the Ecumenical Temple.
  4444 | Temple   | Entered the Ecumenical Temple
  4481 | D:6      | Noticed a wraith
  4487 | D:6      | Killed a wraith
  4510 | D:6      | Reached XP level 9. HP: 40/56 MP: 9/9
  4531 | D:6      | Reached skill level 5 in Dodging
  5059 | D:6      | Found a bloodstained altar of Trog.
  5061 | D:6      | Found a shadowy altar of Dithmenos.
  5061 | D:6      | Found a hide-covered altar of Uskayaw.
  5073 | D:6      | Found a stormy altar of Qazlal.
  5073 | D:6      | Found a shimmering altar of Xom.
  5073 | D:6      | Found a basalt altar of Yredelemnul.
  5115 | D:7      | Found Dol Wey's General Store.
  5432 | D:7      | Noticed a two-headed ogre
  5439 | D:7      | Slain by a two-headed ogre

Levels and vault maps discovered:
D:1:      lemuel_arrival_cross, layout_loops_corners, st_stairs_3,
          minmay_misc_feat_plants, item_on_display_a
D:2:      layout_loops_ring, fedhas_altar_3, overflow_temple_1_default,
          grunt_gozag_statues
D:3:      layout_loops_ring, lemuel_coloured_pillars_altar, cheibriados_altar_1,
          first_ration, uniq_sigmund, uniq_robin, uniq_natasha
D:4:      layout_cave_pods, vehumet_altar_wand_db,
          nicolae_overflow_crystal_walls, ashenzari_altar_1, serial_shops,
          nicolae_shop_crystal
D:5:      layout_rooms, lemuel_doored_altar, minmay_temple_entry_nine_rooms,
          serial_curves, eino_curves_03, eino_curves_02, eino_curves_04,
          eino_curves_03, gammafunk_ghost_grave, nemelex_spade_bored_becter,
          uniq_grinder
D:6:      layout_cave_pools, doesnt_xom_only_xom
D:7:      layout_gridville, kennysheep_little_box, basic_altar, serial_shops,
          shop
Temple:   kb_corrupted_temple

Skill      XL: |  1  2  3  4  5  6  7  8  9 |
---------------+----------------------------+-----
Axes           | 3 4 5 6 |  6.4
Dodging        | 2 3 4 5 |  5.5
Armour         | 3 4 5 6 7 |  7.3
Fighting       | 4 5 6 7 |  7.7

Action                   |  1- 3 |  4- 6 |  7- 9 || total
-------------------------+-------+-------+-------++-------
Melee: Hand axe          |   154 |   104 |       ||   258
       War axe           |       |    39 |   395 ||   434
Invok: Berserk           |       |     2 |    10 ||    12
       Trog's Hand       |       |       |     4 ||     4
  Eat: Chunk             |     2 |     6 |    10 ||    18
       Ration            |       |       |     3 ||     3
Armor: Animal skin       |     5 |       |       ||     5
       Plate armour      |   106 |   113 |   298 ||   517
Dodge: Dodged            |    52 |    45 |    64 ||   161
Block: Large shield      |       |    10 |   314 ||   324
